 Dungeon Crawl Stone Soup version 0.28-a0-48-gfd831c5874 (webtiles) character file.

Game seed: 283077928458818750

6 Spectrina the Sneak (level 1, -4/13 HPs)
             Began as a Deep Elf Delver on July 29, 2021.
             Slain by an orc (6 damage)
             ... on level 3 of the Dungeon.
             The game lasted 00:01:42 (322 turns).

Spectrina the Sneak (Deep Elf Delver)                Turns: 322, Time: 00:01:43

Health: -4/13      AC:  3    Str:  9    XL:     1   Next: 75%
Magic:  3/3        EV: 12    Int: 14    God:
Gold:   36         SH:  0    Dex: 16    Spells: 0/0 levels left

rFire   . . .      SeeInvis .   j - +1 morningstar (venom)
rCold   . . .      Faith    .   (no shield)
rNeg    . . .      Spirit   .   b - +0 leather armour
rPois   .          Reflect  .   (no helmet)
rElec   .          Harm     .   (no cloak)
rCorr   .          Rampage  .   (no gloves)
Will    .....                   (no boots)
Stlth   +++.......              (no amulet)
HPRegen 0.04/turn               (no ring)
MPRegen 0.08/turn               (no ring)

@: no status effects
A: no striking features
a: no special abilities


You were on level 3 of the Dungeon.
You visited 1 branch of the dungeon, and saw 3 of its levels.

You collected 36 gold pieces.

Inventory:

Hand Weapons
 a - a +0 short sword
 j - a +1 morningstar of venom (weapon)
Missiles
 l - 15 stones (quivered)
Armour
 b - a +0 leather armour (worn)
Wands
 g - a wand of digging (3)
Scrolls
 c - a scroll of fog
 d - a scroll of magic mapping
 e - a scroll of fear
 i - a scroll of amnesia {unknown}
Potions
 f - a potion of haste
 h - a potion of heal wounds {unknown}
 k - a potion of cancellation {unknown}


   Skills:
 - Level 2.4 Fighting
 - Level 2.0 Short Blades
 - Level 2.4 Dodging
 + Level 6.4 Stealth


You couldn't memorise any spells.
You didn't know any spells.
Your spell library was empty.

Dungeon Overview and Level Annotations

Branches:
Dungeon (5/15)
 Temple: D:4-7

Altars:


Message History

The jackal bites you. The jackal bites you.
You thump the jackal!
You kill the jackal!
The rat bites you.
You closely miss the rat. The rat bites you.
You barely miss the rat. The rat barely misses you. The rat misses you.
You hit the rat.
You kill the rat!
A goblin comes into view. It is wielding a +0 club.
The helpless goblin fails to defend itself.
You puncture the goblin!
You kill the goblin!
You see here a +0 club.
An orc comes into view. It is wielding a +0 mace.
A kobold comes into view. It is wielding a +0 club.
The kobold moves out of view.
A rat comes into view.
There is an open door here.
Unknown command.
You barely miss the rat.
The kobold shouts!
The rat bites you. The rat misses you.
The orc shouts!
You sock the rat!
You kill the rat!
The kobold hits you but does no damage. The kobold hits you but does no damage.
The orc throws a boomerang.
The boomerang barely misses you.
There is an open door here.
The kobold throws a stone.
The stone barely misses you. The kobold closely misses you.
You puncture the kobold!
You kill the kobold!
The orc hits you with a +0 mace.
You barely miss the orc. The orc misses you.
You closely miss the orc. The orc hits you with a +0 mace.
* * * LOW HITPOINT WARNING * * *
The orc hits you with a +0 mace.
You die...

###### #.##.# #.##.# #....#
#.##.# #############.##@#
.........)....##o##########
###############...........#
............. #...........#
............ #...........#
..........# # #......####.#
#.......#.#.# #......# #
##........#.# #..#####
#...........# ####rr##.#


You could see an orc.

Vanquished Creatures
  A goblin (D:3)
  A jackal (D:3)
  A bat (D:3)
  A kobold (D:3)
  3 rats (D:3)
7 creatures vanquished.

Notes
Turn   | Place    | Note
-------+----------+-------------------------------------------
     0 | D:5      | Spectrina the Deep Elf Delver began the quest for the Orb.
     0 | D:5      | Reached XP level 1. HP: 13/13 MP: 3/3
    58 | D:5      | Noticed an ogre
   107 | D:5      | Noticed a necrophage
   322 | D:3      | Slain by an orc

Illustrated notes

Levels and vault maps discovered:
D:3:      layout_basic, nicolae_wu_jian_immortal_techniques, minmay_rat_hole
D:4:      layout_basic, nicolae_dithmenos_shadow_blocks, grunt_qazlal_sundering,
          fiery_altar_vehumet
D:5:      layout_gridville, amcnicky_mini_rare_corridor_liquid, uniq_eustachio

Action                   || total
-------------------------++-------
Melee: Morningstar       ||    15
 Stab: Sleeping          ||     2
Armor: Leather armour    ||     6
Dodge: Dodged            ||    12

Table legend: (Time is in decaauts)
 A = Elapsed time spent in this place.
 B = Non-inter-level travel time spent in this place.
 C = Inter-level travel time spent in this place.
 D = Time resting spent in this place.
 E = Time spent auto-exploring this place.
 F = Levels seen in this place.
 G = Mean time per level.
                   A        B        C        D        E       F      G
               +--------+--------+--------+--------+--------+-----+--------+
         Total |    327 |    327 |      0 |      0 |      0 |   3 |  109.0 |
       Dungeon |    327 |    327 |      0 |      0 |      0 |   3 |  109.0 |
               +--------+--------+--------+--------+--------+-----+--------+

Top non-repeatable levels by time:
     D:5: 211 daAuts
     D:3: 109 daAuts
     D:4: 6 daAuts
